AoeStats
← testa

Enclosed

503794510Analyzed
1v1 RM · 29d ago on Sep 2, 2026· 24m 52s· 2 players
Game mode
Random Map
Map size
Tiny (2 player)
Population
200
Speed
Normal
Resources
Standard
Victory
Conquest
Starting age
Dark Age
Ending age
Imperial Age
RankedLock teamsTeams togetherTeam positionsShared explorationLock speedFull tech treeHidden civsTurbo modeCheats
Victory
Defeat
🇦🇺 Bohemians · Australia
876
+17
🇮🇹 Japanese · Italy
888
-17
xXTiroNoChakraXx
11:46 Feudal Age
12:21 Loom
20:22 Castle Age
19:32 Fletching
19:44 Padded Archer Armor
20:29 Crossbowman
22:39 Bodkin Arrow
testa
11:46 Feudal Age
11:31 Loom
12:18 Man-at-Arms
13:09 Horse Collar
13:34 Double-Bit Axe
16:27 Scale Mail Armor
17:14 Forging
24:46 Castle Age
23:14 Padded Archer Armor
Connection lost

Rejoining the realm…

Still unreachable

The connection could not be restored.

Session expired

The server has moved on; the page needs a fresh start.